Map: Odyssey LE

Players

SamuraiFunn - Winner!

  • Race: Protoss Protoss
  • Spawn Location: 11:00

A.I. 1 (Harder)

  • Race: Zerg Zerg
  • Spawn Location: 5:00

VOD

Have the link to the VOD?

Description

Time

  • Played on: Nov. 3, 2017, 11:35 p.m.
  • Length: 17:07
Show
View Real Time Build Order
Export as new Build Order

SamuraiFunn Protoss - Winner!

Build Orders:  

Get SALT Encoding   

  12  0:03  Probe (Chrono Boost)  
  13  0:13  Probe (Chrono Boost)  
  14  0:17  Pylon  
  14  0:25  Probe (Chrono Boost)  
  15  0:36  Probe (Chrono Boost)  
  16  0:45  Gateway  
  16  0:46  Probe (Chrono Boost)  
  17  0:55  Assimilator  
  18  0:57  Probe (Chrono Boost)  
  18  1:07  Probe (Chrono Boost)  
  19  1:12  Pylon  
  19  1:18  Probe (Chrono Boost)  
  20  1:28  Probe (Chrono Boost)  
  20  1:29  Assimilator  
  21  1:39  Probe (Chrono Boost), Cybernetics Core  
  22  1:43  Gateway  
  22  1:49  Probe (Chrono Boost)  
  23  2:00  Probe (Chrono Boost)  
  24  2:11  Probe (Chrono Boost)  
  25  2:18  Pylon  
  25  2:21  Probe (Chrono Boost)  
  25  2:22  Warp Gate  
  26  2:26  Twilight Council  
  26  2:31  Adept  
  28  2:44  Nexus  
  28  3:09  Pylon  
  28  3:13  Adept  
  28  3:14  Zealot  
  32  3:30  Gateway  
  32  3:34  Probe (Chrono Boost), Stargate  
  33  3:40  Sentry  
  35  3:42  Sentry  
  35  3:44  Probe (Chrono Boost)  
  35  3:48  Pylon, Charge  
  38  4:02  Probe x2 (Chrono Boost)  
  40  4:10  Assimilator  
  40  4:12  Assimilator  
  40  4:13  Probe x2 (Chrono Boost)  
  44  4:23  Probe x2 (Chrono Boost)  
  44  4:28  Void Ray  
  48  4:44  Probe x2 (Chrono Boost)  
  50  4:48  Stargate  
  50  4:55  Probe x2 (Chrono Boost)  
  50  4:57  Zealot  
  50  4:58  Zealot x2  
  58  5:05  Probe (Chrono Boost)  
  59  5:09  Probe (Chrono Boost)  
  60  5:15  Void Ray  
  60  5:16  Probe (Chrono Boost)  
  60  5:19  Probe (Chrono Boost)  
  66  5:39  Zealot x2  
  70  6:01  Pylon x2  
  70  6:03  Pylon  
  70  6:08  Protoss Air Weapons Level 1  
  70  6:16  Forge  
  70  6:19  Void Ray  
  70  6:23  Pylon  
  70  6:25  Nexus  
  74  6:27  Probe x2 (Chrono Boost)  
  74  6:29  Assimilator  
  74  6:31  Assimilator  
  76  6:37  Stargate  
  76  6:45  Void Ray  
  80  6:50  Protoss Ground Weapons Level 1  
  80  7:04  Gateway  
  80  7:09  Probe x2 (Chrono Boost)  
  80  7:11  Gateway  
  82  7:20  Probe x2 (Chrono Boost)  
  84  7:23  Void Ray  
  88  7:30  Probe x2 (Chrono Boost), Zealot  
  88  7:31  Zealot x2  
  96  7:45  Probe x2 (Chrono Boost)  
  96  7:46  Probe (Chrono Boost)  
  99  7:56  Probe x3 (Chrono Boost)  
  102  7:59  Zealot x3  
  102  8:00  Void Ray  
  102  8:02  Protoss Air Armor Level 1  
  112  8:09  Pylon  
  112  8:12  Probe x3 (Chrono Boost)  
  115  8:18  Pylon  
  115  8:22  Pylon  
  115  8:44  Protoss Ground Armor Level 1  
  115  9:01  Robotics Facility  
  115  9:13  Void Ray x3  
  115  9:16  Stargate  
  127  9:17  Stargate  
  127  9:20  Gateway  
  127  9:22  Gateway  
  127  9:33  Pylon  
  127  9:36  Pylon  
  105  9:56  Pylon  
  105  10:00  Pylon  
  105  10:09  Warp Prism  
  107  10:21  Void Ray x3  
  107  10:26  Void Ray x2  
  127  10:30  Zealot x2  
  127  10:31  Zealot x3  
  137  10:38  Protoss Ground Weapons Level 2  
  137  10:44  Warp Prism  
  139  10:54  Fleet Beacon  
  139  11:01  Pylon  
  139  11:03  Probe x3 (Chrono Boost)  
  142  11:05  Void Ray x2  
  154  11:23  Nexus  
  154  11:26  Void Ray  
  154  11:27  Assimilator  
  154  11:29  Zealot x3  
  154  11:30  Zealot x2  
  154  11:31  Assimilator  
  164  11:42  Void Ray x2  
  172  12:09  Zealot x4  
  180  12:19  Pylon  
  180  12:22  Pylon  
  180  12:28  Pylon  
  180  12:34  Void Ray x2  
  192  12:53  Zealot x3  
  192  12:54  Protoss Ground Armor Level 2, Zealot  
  192  12:56  Void Ray  
  180  13:16  Zealot  
  180  13:18  Zealot x4  
  184  13:26  Void Ray x2  
  184  13:27  Void Ray x2  
  192  13:30  Protoss Air Weapons Level 2  
  190  14:12  Zealot x2  
  190  14:13  Zealot x3  
  200  14:22  Gateway  
  198  14:24  Gateway  
  198  14:26  Gateway  
  198  14:27  Gateway  
  188  14:53  Zealot x4  
  188  14:54  Zealot x2  
  194  15:06  Zealot  
  192  15:10  Protoss Shields Level 1  
  184  15:36  Void Ray x4  
  194  16:05  Zealot  
  194  16:06  Zealot x2  
Show
View Real Time Build Order
Export as new Build Order

A.I. 1 (Harder) Zerg 

Build Orders: Hatch First 

Get SALT Encoding   

  12  0:00  Drone  
  13  0:12  Overlord  
  13  0:17  Drone  
  14  0:30  Drone x2  
  14  0:34  Drone  
  17  0:54  Hatchery  
  17  0:55  Drone  
  17  1:10  Spawning Pool  
  16  1:12  Drone  
  16  1:16  Drone  
  16  1:18  Extractor  
  17  1:21  Drone  
  18  1:28  Overlord  
  18  1:38  Drone  
  19  1:59  Zergling x2, Queen  
  19  2:00  Zergling x2  
  23  2:02  Roach Warren  
  23  2:06  Drone  
  23  2:07  Extractor  
  22  2:10  Drone  
  23  2:23  Drone  
  23  2:28  Lair  
  24  2:44  Roach  
  26  2:56  Drone, Extractor  
  26  2:57  Extractor  
  26  2:58  Drone  
  26  3:06  Drone  
  26  3:10  Drone, Overlord  
  28  3:21  Drone  
  28  3:24  Drone  
  30  3:27  Drone  
  30  3:30  Hydralisk Den  
  30  3:31  Drone  
  30  3:32  Ravager  
  32  3:38  Roach  
  32  3:39  Drone  
  35  3:42  Drone, Overlord  
  36  3:53  Drone  
  37  3:55  Drone  
  37  3:59  Drone  
  37  4:00  Hydralisk  
  41  4:14  Roach  
  41  4:17  Overlord  
  43  4:27  Roach  
  45  4:39  Hydralisk  
  45  4:40  Ravager, Overlord  
  48  4:46  Drone  
  48  4:49  Drone  
  48  4:52  Hydralisk  
  50  4:53  Drone  
  50  4:56  Drone  
  50  4:58  Drone  
  55  5:04  Overlord  
  55  5:05  Hydralisk  
  55  5:06  Drone  
  58  5:09  Drone  
  58  5:13  Drone  
  60  5:15  Drone  
  60  5:17  Drone  
  60  5:18  Roach  
  60  5:19  Drone  
  65  5:27  Evolution Chamber  
  64  5:29  Drone  
  64  5:31  Drone  
  66  5:37  Overlord  
  66  5:39  Drone  
  67  5:44  Hydralisk  
  67  5:45  Drone  
  67  5:47  Drone  
  67  5:49  Drone  
  72  5:50  Drone  
  72  5:52  Zerg Ground Armor Level 1  
  73  6:00  Burrow, Drone  
  73  6:01  Drone  
  75  6:10  Overlord  
  76  6:11  Drone  
  76  6:16  Drone, Roach  
  76  6:17  Drone  
  80  6:28  Hydralisk  
  80  6:29  Ravager x2  
  80  6:31  Overlord  
  84  6:41  Hydralisk  
  86  6:50  Baneling Nest  
  86  6:51  Drone, Overlord  
  86  6:54  Hydralisk  
  86  6:57  Spore Crawler  
  86  6:59  Drone, Spore Crawler  
  86  7:00  Drone  
  88  7:03  Spore Crawler  
  88  7:04  Drone  
  88  7:08  Roach, Spore Crawler  
  90  7:09  Overlord  
  90  7:13  Queen  
  91  7:17  Overseer  
  91  7:18  Queen  
  91  7:21  Roach  
  95  7:23  Spine Crawler  
  95  7:24  Overseer  
  95  7:26  Drone, Spine Crawler  
  95  7:28  Drone  
  95  7:30  Overlord  
  95  7:33  Hydralisk  
  95  7:35  Drone, Spine Crawler  
  97  7:40  Drone, Spine Crawler  
  97  7:46  Hydralisk, Zerg Melee Weapons Level 1, Drone, Infestation Pit  
  99  7:52  Spire  
  99  7:53  Drone  
  99  7:58  Drone, Evolution Chamber  
  99  7:59  Roach  
  101  8:12  Roach  
  103  8:24  Zerg Missile Weapons Level 1  
  103  9:29  Hydralisk  
  103  9:30  Infestor  
  103  9:31  Pneumatized Carapace  
  105  9:32  Pathogen Glands, Glial Reconstitution  
  105  9:33  Overlord  
  105  9:34  Roach  
  105  9:35  Infestor  
  107  9:39  Zerg Flyer Weapons Level 1  
  107  9:40  Zerg Ground Armor Level 2, Roach  
  107  9:43  Hatchery  
  107  9:44  Roach, Hive  
  104  9:48  Overseer, Roach  
  81  9:53  Roach  
  81  9:57  Roach  
  70  10:01  Roach  
  70  10:05  Infestor  
  74  10:09  Infestor  
  76  10:14  Zergling x2  
  76  10:16  Overseer  
  76  10:17  Zerg Melee Weapons Level 2  
  76  10:18  Hydralisk  
  79  10:22  Hydralisk  
  79  10:27  Hydralisk  
  83  10:32  Roach  
  85  10:36  Roach  
  85  10:40  Roach  
  89  10:45  Roach  
  89  10:49  Roach  
  93  10:53  Roach  
  93  10:55  Viper  
  93  10:56  Queen, Drone x2  
  93  10:57  Hydralisk, Drone x3  
  103  10:58  Drone  
  103  11:01  Hydralisk  
  110  11:06  Hydralisk  
  110  11:10  Hatchery, Extractor  
  110  11:14  Spore Crawler  
  110  11:16  Spore Crawler  
  110  11:17  Drone  
  110  11:18  Drone, Extractor  
  109  11:20  Ultralisk Cavern  
  108  11:33  Drone x2  
  108  11:34  Drone, Zerg Flyer Armor Level 1  
  108  11:39  Spine Crawler  
  110  11:40  Drone x3  
  110  11:41  Drone  
  110  11:42  Spine Crawler  
  113  11:56  Zerg Missile Weapons Level 2  
  113  12:02  Overseer, Overlord  
  113  12:22  Queen, Drone x2  
  115  12:23  Drone  
  115  12:29  Extractor  
  117  12:30  Drone  
  117  12:31  Spore Crawler  
  117  12:32  Drone  
  117  12:34  Drone, Spore Crawler  
  118  12:40  Extractor  
  118  12:41  Drone  
  118  12:43  Spore Crawler  
  118  12:44  Drone  
  118  13:00  Spine Crawler  
  118  13:01  Drone  
  118  13:02  Spine Crawler  
  118  13:04  Zergling x2, Drone  
  118  13:07  Viper  
  118  13:08  Infestor  
  118  13:10  Overlord  
  118  13:12  Hydralisk  
  90  13:13  Overseer  
  90  13:17  Hydralisk  
  80  13:21  Hydralisk  
  80  13:25  Overseer  
  80  13:26  Roach  
  84  13:28  Greater Spire  
  84  13:30  Roach, Overlord  
  84  13:35  Roach  
  84  13:39  Roach  
  84  13:44  Roach  
  84  13:47  Hydralisk  
  85  13:48  Zergling x2, Overlord  
  85  13:49  Zergling x4  
  85  13:50  Zergling x2  
  85  13:51  Zergling x2  
  85  13:52  Zergling x2  
  84  13:57  Roach  
  84  14:00  Infestor  
  70  14:05  Hydralisk, Roach  
  70  14:08  Zergling x2, Overlord  
  70  14:09  Zergling x2, Drone x2  
  61  14:10  Zergling x6, Drone  
  61  14:11  Viper, Drone x2  
  61  14:12  Zergling x2, Drone  
  61  14:13  Drone x2  
  61  14:16  Infestor  
  61  14:17  Drone  
  61  14:18  Drone  
  61  14:21  Roach  
  50  14:24  Mutalisk  
  50  14:26  Roach  
  50  14:30  Zergling x2  
  44  14:33  Zergling x2  
  44  14:37  Mutalisk  
  40  14:41  Mutalisk  
  40  14:46  Zergling x2, Drone, Roach  
  40  14:50  Mutalisk  
  40  14:51  Roach  
  45  14:54  Corruptor  
  45  14:59  Zergling x2  
  46  15:02  Roach, Mutalisk  
  46  15:06  Zergling x2, Drone, Roach  
  48  15:10  Mutalisk  
  36  15:14  Drone, Mutalisk  
  36  15:17  Zergling x2, Drone  
  37  15:26  Drone  
  27  15:31  Overlord  
  27  15:35  Drone  
  19  15:48  Hatchery  
  14  16:22  Hatchery  
Tags
 
Matchup
PvZ
Replay Pack
First 100 games
Spawn Locations
Cross Positions
Add a new tag
Caveats
  • Supply blocks, unpowered buildings, or Contaminate may cause inaccurate times.
  • Supply counts are checked every 10 seconds.